 Dungeon Crawl Stone Soup version 0.30-a0-840-ga523dec638 (webtiles) character file.

Game seed: 6212452637190886866

43 Newt the Shooter (level 3, -1/36 HPs)
             Began as a Kobold Hunter on Mar 1, 2023.
             Killed from afar by an orc wizard (6 damage)
             ... with a magic dart
             ... on level 3 of the Dungeon.
             The game lasted 00:01:25 (1793 turns).

Newt the Shooter (Kobold Hunter)                    Turns: 1793, Time: 00:01:26

Health: -1/36      AC: 21    Str:  8    XL:     3   Next: 82%
Magic:  3/3        EV:  3    Int: 10    God:
Gold:   90         SH:  0    Dex: 20    Spells: 2/2 levels left

rFire   . . .      SeeInvis .    a - +0 shortbow
rCold   . . .      Faith    .    (shield currently unavailable)
rNeg    . . .      Spirit   .    (body armour currently unavailable)
rPois   +          Reflect  .    (helmet currently unavailable)
rElec   .          Harm     .    (cloak currently unavailable)
rCorr   .          Rampage  .    (gloves currently unavailable)
Will    .....      NoTele   +    (boots currently unavailable)
Stlth   ++                       (no amulet)
HPRegen 0.26/turn                (no ring)
MPRegen 0.08/turn                (no ring)

@: confused, tree-form
A: stationary, stasis, torment immunity, boosted hp, small, no large weapons,
nightstalker 3
a: no special abilities


You were on level 3 of the Dungeon.
You were a tree.
You visited 1 branch of the dungeon, and saw 3 of its levels.

You collected 90 gold pieces.

Inventory:

Hand Weapons
 a - a +0 shortbow (weapon)
Armour
 c - a +0 leather armour (melded)
Scrolls
 b - 2 scrolls of immolation
 d - a scroll of fog
 g - a scroll of magic mapping
Potions
 f - 2 potions of might


   Skills:
 + Level 4.2 Fighting
 - Level 5.3 Ranged Weapons
 - Level 2.4 Dodging
 - Level 1.3 Stealth


You had 2 spell levels left.
You didn't know any spells.
Your spell library contained the following spells:

 Spells                   Type           Power      Damage    Failure   Level
 Ozocubu's Armour         Ice            0%         N/A       75%         3
 Ozocubu's Refrigeration  Ice            0%         4d7       100%        7


Dungeon Overview and Level Annotations

Branches:
Dungeon (3/15)

Altars:
The Shining One


Innate Abilities, Weirdness & Mutations

You are a tree.
Your roots penetrate the ground, keeping you stationary.
You cannot be teleported.
You are immune to unholy pain and torment.
Your maximum health is greatly increased.
Your equipment is partially melded.
You are small and have problems with some larger weapons.
You are completely attuned to the shadows.


Message History

Fire: a) +0 shortbow
Press: ? - help, Q - select action Shift-Dir - straight line, f/p - orc priest
Aim: an orc priest, wielding a +0 club (lightly wounded, 66% to hit)
You shoot an arrow. The arrow hits the orc priest.
The orc priest is heavily wounded.
The orc priest misses you.
The orc wizard points at you and mumbles some strange words.
You are confused.
Really quaff the potion of lignification?
You turn into a tree.
Your +0 leather armour melds into your body.
Your roots penetrate the ground.
The orc wizard hits you but does no damage.
The orc priest hits you but does no damage.
Unknown command.
You cannot move. (Use ctrl+direction or * direction to attack while stationary and confused.)
You cannot move. (Use ctrl+direction or * direction to attack while stationary and confused.) Non-targeted confused fire: a) +0 shortbow
Press: ? - help, Q - select action Dir - look around, f - activate Look: an orc priest, wielding a +0 club (heavily wounded)
You shoot an arrow. The orc priest hits you with a +0 club.
* * * LOW HITPOINT WARNING * * *
The orc wizard casts a spell at you.
The magic dart hits you but does no damage.
Non-targeted confused fire: a) +0 shortbow
Press: ? - help, Q - select action Dir - look around, f - activate Look: an orc priest, wielding a +0 club (heavily wounded)
You shoot an arrow.
The arrow hits the orc wizard but does no damage.
The orc wizard is heavily wounded.
The orc wizard hits you but does no damage.
The orc priest hits you but does no damage.
Non-targeted confused fire: a) +0 shortbow
Press: ? - help, Q - select action Dir - look around, f - activate Look: an orc priest, wielding a +0 club (heavily wounded)
You shoot an arrow. The orc wizard casts a spell at you.
The magic dart hits you.
You die...

*###*
*****...###**#************
*,,,,.....##).,,,,,,,,,,,*
*,,,........o.,**,,*****,*
*,.......(#*,*,**,,*****,*
#.......#†#*,*,,,,,,,,**,*
#....##.#o#*,****,,**,**,*
#.......o♣#*,****,,,,,,,,*
*#.......###*,,,,,,***,,***
*.......##********** **,*
*.###.#.#,,,,,,,* *,*
*,*##.#.#,,,,,,,* *,*
*,*#..#.#,,,,,,,*******,*
#,*#.##.#,,,,,,,,,,,,,*,*
#.##.##.#,,,,,,,*****,*,*
#.......#,,,,,,,**,,,,,,*


You could see an orc priest and an orc wizard.

Vanquished Creatures
  A worm (D:2)
  A dart slug (D:2)
  2 orcs (D:3)
  4 ball pythons
  2 bats (D:2)
  3 endoplasms
  4 giant cockroaches
  A goblin (D:1)
  5 hobgoblins (D:2)
  2 jackals (D:3)
  A kobold (D:3)
  A quokka (D:2)
  3 frilled lizards
  A rat (D:3)
31 creatures vanquished.

Notes
Turn   | Place    | Note
-------+----------+-------------------------------------------
     0 | D:1      | Newt the Kobold Hunter began the quest for the Orb.
     0 | D:1      | Reached XP level 1. HP: 12/12 MP: 1/1
   461 | D:1      | Found a faded altar of an unknown god.
   663 | D:2      | Reached XP level 2. HP: 18/18 MP: 2/2
   904 | D:2      | Reached XP level 3. HP: 23/23 MP: 3/3
  1740 | D:3      | Found a glowing golden altar of the Shining One.
  1793 | D:3      | Killed from afar by an orc wizard

Illustrated notes

Levels and vault maps discovered:
D:1:      mushboom_english_gardens, layout_basic, ebering_ecumenical_altar_webs,
          corexii_leaking_fountain
D:2:      layout_basic, st_stairs_11, minmay_statues_item
D:3:      layout_loops_cross, lemuel_round_altar, uniq_robin

Skill      XL: |  1  2  3 |
---------------+----------+-----
Fighting       | 3 4 |  4.2
Ranged Weapons | |  5.3
Dodging        | |  2.4
Stealth        | |  1.3

Action                     || total
---------------------------++-------
  Melee: Shortbow          ||     1
   Fire: Shortbow          ||    91
    Use: Scroll            ||     5
         Potion            ||     3
 Armour: Leather armour    ||     6
         Skin              ||     5
  Dodge: Dodged            ||    26

Table legend: (Time is in decaauts)
 A = Elapsed time spent in this place.
 B = Non-inter-level travel time spent in this place.
 C = Inter-level travel time spent in this place.
 D = Time resting spent in this place.
 E = Time spent auto-exploring this place.
 F = Levels seen in this place.
 G = Mean time per level.
                   A        B        C        D        E       F      G
               +--------+--------+--------+--------+--------+-----+--------+
         Total |   1817 |   1776 |     41 |    161 |   1420 |   3 |  605.7 |
       Dungeon |   1817 |   1776 |     41 |    161 |   1420 |   3 |  605.7 |
               +--------+--------+--------+--------+--------+-----+--------+

Top non-repeatable levels by time:
     D:2: 765 daAuts
     D:1: 611 daAuts
     D:3: 440 daAuts
